 Dungeon Crawl Stone Soup version 0.32-a0-391-gce5c0aab1b (webtiles) character file.

Game seed: 8832991494080862969

1635 cforsyth the Trooper (level 9, -2/70 HPs)
             Began as a Djinni Fire Elementalist on Feb 19, 2024.
             Shot with a sling bullet by a human (11 damage)
             ... on level 6 of the Dungeon.
             The game lasted 00:06:50 (4794 turns).

cforsyth the Trooper (Djinni Fire Elementalist)     Turns: 4794, Time: 00:06:51

Health: -2/70      AC:  2    Str:  7    XL:     9   Next: 18%
Gold:   282        EV: 12    Int: 21    God:
                   SH:  0    Dex: 14

rFire   + + .        (no weapon)
rCold   x . .        (no shield)
rNeg    . . .        a - +0 robe
rPois   ∞            (no helmet)
rElec   .            (no cloak)
rCorr   .            (no gloves)
SInv    .            (boots unavailable)
Will    .....        (no amulet)
Stlth   ++           (no ring)
HPRegen 0.31/turn    (no ring)
MPRegen 0.00/turn

%: infuse magic (-3 HP)
@: flying
A: sickness immunity, fire resistance 2, cold vulnerability 1, float, innate
caster, HP casting, extra vitality 1
a: no special abilities


You were on level 6 of the Dungeon.
You visited 1 branch of the dungeon, and saw 6 of its levels.

You collected 282 gold pieces.


Innate Abilities, Weirdness & Mutations

You are immune to sickness and miasma.
You are immune to poison.
Your flesh is very heat resistant. (rF++)
You are vulnerable to cold. (rC-)
You float through the air rather than walking.
You learn spells naturally, not from books.
Your magical power is your life essence.
You have superior vitality. (+4 MHP)


   Skills:
 + Level 7.9 Fighting
 - Level 2.1 Dodging
 - Level 1.5 Stealth
 + Level 6.7 Spellcasting
 + Level 6.7 Conjurations
 + Level 6.7 Hexes
 + Level 6.7 Summonings
 + Level 6.7 Necromancy
 + Level 6.7 Translocations
 + Level 6.7 Fire Magic
 + Level 6.7 Ice Magic
 + Level 6.7 Air Magic
 + Level 6.7 Earth Magic
 + Level 6.7 Alchemy


You knew the following spells:

 Your Spells              Type           Power      Damage    Failure   Level
a - Necrotise             Necr           100%       1d9       1%          1
b - Vhi's Electric Charg  Tloc/Air       70%        N/A       5%          4
c - Call Imp              Summ           70%        N/A       1%          2
f - Foxfire               Conj/Fire      100%       2x1d9     1%          1
r - Inner Flame           Hex/Fire       35%        N/A       1%          3
s - Searing Ray           Conj           70%        2d7       1%          2
X - Scorch                Fire           70%        2d7       1%          2
Y - Volatile Blastmotes   Fire/Tloc      70%        2d15      1%          3
Z - Flame Wave            Conj/Fire      35%        2d10      5%          4
Your spell library was empty.

Inventory:

Missiles
 o - a throwing net {=f}
Armour
 a - a +0 robe (worn)
 b - a +0 pair of gloves
 q - a +1 helmet
Jewellery
 m - an amulet of regeneration
 R - a ring of resist corrosion
 S - a +6 ring of strength
Wands
 l - a wand of polymorph (6)
Scrolls
 c - 3 scrolls of fear
 d - 2 scrolls of poison
 h - a scroll of teleportation {@r2}
Potions
 g - a potion of invisibility
 p - a potion of resistance
 r - a potion of haste {unknown}
 s - a potion of ambrosia

Dungeon Overview and Level Annotations

Branches:
Dungeon (6/15)             Temple (0/1) D:4

Altars:
Uskayaw

Shops:
D:4 :

Annotations:
D:4 1 runed translucent door, Crazy Yiuf

#. #####. ...#.
#.#.
############...
.###
#..............
.....
#.############.
#...#######.#
#..
#.p..§§§@...#
##.
#...#§#######
## ..... #.#
.... #.# ...
#.# .. ..# #
###


You could see a human (inner flame).


Message History

The human is lightly wounded.
The human's fire resistance burns away.
The human hits you with a +0 club.
The human is engulfed in blazing flames.
Flame seeps out of the human.
The human attacks as it pursues you! The human barely misses you.
Casting: Scorch (safe; 1% risk of failure)
Confirm with . or Enter, or press ? or * to list all spells.
Flames lash the human.
The human is burned terribly!
The human explodes!
The fiery explosion engulfs the human!!!
The human is burned terribly!
The human explodes!
The fiery explosion engulfs you! You resist.
* * * LOW HITPOINT WARNING * * *
You are engulfed in blazing flames.
You resist.
* * * LOW HITPOINT WARNING * * *
The human shoots a sling bullet.
The sling bullet barely misses you.
You have reached level 9!
Your experience leads to an increase in your attributes!
Increase (S)trength, (I)ntelligence, or (D)exterity?
You feel clever. x2
The power to cast Vhi's Electric Charge wells up from within.
Spell assigned to 'b'.
Unknown command.
The human shoots a sling bullet.
The sling bullet hits you!
* * * LOW HITPOINT WARNING * * *
Unknown command.
Okay, then.
You feel better.
The human shoots a sling bullet.
The sling bullet hits you!
You die...

Skill      XL: |  1  2  3  4  5  6  7  8 |
---------------+-------------------------+-----
Fighting       | 1 2 3 4 5 7 |  7.9
Spellcasting   | 4 5 6 |  6.7
Conjurations   | 4 5 6 |  6.7
Hexes          | 4 5 6 |  6.7
Summonings     | 4 5 6 |  6.7
Necromancy     | 4 5 6 |  6.7
Translocations | 4 5 6 |  6.7
Fire Magic     | 4 5 6 |  6.7
Ice Magic      | 4 5 6 |  6.7
Air Magic      | 4 5 6 |  6.7
Earth Magic    | 4 5 6 |  6.7
Alchemy        | 4 5 6 |  6.7
Dodging        | |  2.1
Stealth        | |  1.5

Action                     |  1- 3 |  4- 6 |  7- 9 || total
---------------------------+-------+-------+-------++-------
  Melee: Unarmed           |       |    58 |     5 ||    63
   Cast: Foxfire           |    68 |   159 |    54 ||   281
         Scorch            |       |     5 |    19 ||    24
         Inner Flame       |       |       |    26 ||    26
  Evoke: Wand              |       |       |     1 ||     1
    Use: Scroll            |       |       |    11 ||    11
         Potion            |       |       |     1 ||     1
 Armour: Robe              |       |     4 |    12 ||    16
  Dodge: Dodged            |     1 |     8 |     7 ||    16

Levels and vault maps discovered:
D:1:      lightli_iron_boxes, layout_rooms, wad_woods_river_04
D:2:      layout_basic
D:3:      layout_loops_cross
D:4:      layout_cave_pods, minmay_temple_entry_ruins, nicolae_custom_books,
          corexii_hall_statues_l, uniq_crazy_yiuf_cottage
D:5:      layout_cave_pools, nicolae_shop_vocational, uniq_menkaure
D:6:      layout_loops_ring, lemuel_coloured_pillars_altar,
          amcnicky_altar_gilded, gammafunk_temple_overflow_wave,
          portal_sewer_entry_a, minmay_ruffians, uniq_eustachio,
          uniq_blork_the_orc, uniq_duvessa

Notes
Turn   | Place    | Note
-------+----------+-------------------------------------------
     0 | D:1      | cforsyth the Djinni Fire Elementalist began the quest for
                  | the Orb.
     0 | D:1      | cforsyth set off with the following spells memorised:
                  | Foxfire, Scorch, Volatile Blastmotes, Inner Flame, Flame
                  | Wave.
     0 | D:1      | Reached XP level 1. HP: 15/15 MP: 0/0
    46 | D:1      | Reached skill level 1 in Fighting
    46 | D:1      | Reached XP level 2. HP: 16/22 MP: 0/0
   202 | D:1      | Reached XP level 3. HP: 25/27 MP: 0/0
   202 | D:1      | Learned a level 1 spell: Necrotise
   360 | D:1      | Reached skill level 2 in Fighting
   496 | D:1      | Reached XP level 4. HP: 31/33 MP: 0/0
  1732 | D:3      | Reached XP level 5. HP: 36/40 MP: 0/0
  1732 | D:3      | Learned a level 2 spell: Call Imp
  1884 | D:3      | Noticed a phantom
  1890 | D:3      | Killed a phantom
  1891 | D:3      | Reached skill level 3 in Fighting
  1891 | D:3      | Reached skill level 4 in Spellcasting
  1891 | D:3      | Reached skill level 4 in Conjurations
  1891 | D:3      | Reached skill level 4 in Hexes
  1891 | D:3      | Reached skill level 4 in Summonings
  1891 | D:3      | Reached skill level 4 in Necromancy
  1891 | D:3      | Reached skill level 4 in Translocations
  1891 | D:3      | Reached skill level 4 in Fire Magic
  1891 | D:3      | Reached skill level 4 in Ice Magic
  1891 | D:3      | Reached skill level 4 in Air Magic
  1891 | D:3      | Reached skill level 4 in Earth Magic
  1891 | D:3      | Reached skill level 4 in Alchemy
  2213 | D:3      | Reached XP level 6. HP: 39/46 MP: 0/0
  2494 | D:4      | Reached skill level 4 in Fighting
  2640 | D:4      | Found a staircase to the Ecumenical Temple.
  2916 | D:4      | Reached XP level 7. HP: 12/53 MP: 0/0
  2916 | D:4      | Learned a level 2 spell: Searing Ray
  2925 | D:5      | Entered Level 5 of the Dungeon
  3078 | D:5      | Noticed Menkaure
  3083 | D:5      | Killed Menkaure
  3084 | D:5      | Reached skill level 5 in Fighting
  3084 | D:5      | Reached skill level 5 in Spellcasting
  3084 | D:5      | Reached skill level 5 in Conjurations
  3084 | D:5      | Reached skill level 5 in Hexes
  3084 | D:5      | Reached skill level 5 in Summonings
  3084 | D:5      | Reached skill level 5 in Necromancy
  3084 | D:5      | Reached skill level 5 in Translocations
  3084 | D:5      | Reached skill level 5 in Fire Magic
  3084 | D:5      | Reached skill level 5 in Ice Magic
  3084 | D:5      | Reached skill level 5 in Air Magic
  3084 | D:5      | Reached skill level 5 in Earth Magic
  3084 | D:5      | Reached skill level 5 in Alchemy
  3320 | D:5      | Reached XP level 8. HP: 27/61 MP: 0/0
  3364 | D:5      | Reached skill level 6 in Fighting
  3870 | D:4      | Found Juasig's Self-Published Books.
  4054 | D:4      | Reached skill level 6 in Spellcasting
  4054 | D:4      | Reached skill level 6 in Conjurations
  4054 | D:4      | Reached skill level 6 in Hexes
  4054 | D:4      | Reached skill level 6 in Summonings
  4054 | D:4      | Reached skill level 6 in Necromancy
  4054 | D:4      | Reached skill level 6 in Translocations
  4054 | D:4      | Reached skill level 6 in Fire Magic
  4054 | D:4      | Reached skill level 6 in Ice Magic
  4054 | D:4      | Reached skill level 6 in Air Magic
  4054 | D:4      | Reached skill level 6 in Earth Magic
  4054 | D:4      | Reached skill level 6 in Alchemy
  4332 | D:4      | Found a runed translucent door.
  4333 | D:4      | Noticed Crazy Yiuf
  4374 | D:5      | Found Ollast's Vocational Training.
  4575 | D:5      | Reached skill level 7 in Fighting
  4708 | D:6      | Identified a potion of resistance
  4714 | D:6      | Found a hide-covered altar of Uskayaw.
  4716 | D:6      | Noticed Blork the orc
  4723 | D:6      | Killed Blork the orc
  4784 | D:6      | Noticed a human
  4784 | D:6      | Noticed a human
  4785 | D:6      | Noticed a human
  4792 | D:6      | Killed a human
  4792 | D:6      | Killed a human
  4793 | D:6      | Reached XP level 9. HP: 14/70 MP: 0/0
  4793 | D:6      | Learned a level 4 spell: Vhi's Electric Charge
  4793 | D:6      | HP: 4/70 [human/sling bullet (11)]
  4794 | D:6      | Shot with a sling bullet by a human

Vanquished Creatures
  2 humans (D:6)
  Menkaure (D:5)
  An ice beast (D:5)
  An ogre (D:4)
  A phantom (D:3)
  Blork the orc (D:6)
  2 scorpions
  A bullfrog (D:4)
  4 killer bees (D:5)
  2 bombardier beetles
  2 orc priests (D:4)
  2 jellies (D:4)
  A sleepcap (D:5)
  2 iguanas (D:5)
  2 orc wizards (D:4)
  3 adders
  7 gnolls (D:4)
  4 dart slugs
  A ribbon worm (D:2)
  14 orcs
  8 ball pythons
  3 bats
  11 endoplasms
  A giant cockroach (D:2)
  7 goblins
  7 hobgoblins
  3 kobolds
  3 quokkas
  A frilled lizard (D:1)
  2 rats
100 creatures vanquished.

Vanquished Creatures (collateral kills)
  A foxfire (D:1)
1 creature vanquished.

Vanquished Creatures (others)
  479 foxfires
479 creatures vanquished.

Grand Total: 580 creatures vanquished

Table legend: (Time is in decaauts)
 A = Elapsed time spent in this place.
 B = Non-inter-level travel time spent in this place.
 C = Inter-level travel time spent in this place.
 D = Time resting spent in this place.
 E = Time spent auto-exploring this place.
 F = Levels seen in this place.
 G = Mean time per level.
                   A        B        C        D        E       F      G
               +--------+--------+--------+--------+--------+-----+--------+
         Total |   4793 |   4695 |     98 |    438 |   3452 |   6 |  798.8 |
       Dungeon |   4793 |   4695 |     98 |    438 |   3452 |   6 |  798.8 |
               +--------+--------+--------+--------+--------+-----+--------+

Top non-repeatable levels by time:
     D:4: 1156 daAuts
     D:5: 1094 daAuts
     D:1: 896 daAuts
     D:2: 810 daAuts
     D:3: 741 daAuts
     D:6: 94 daAuts

Table legend:
 A = Non-vault XP
 B = Vault XP
 C = Vault XP percentage of total XP
 D = Non-vault monster count
 E = Vault monster count
 F = Vault count percentage of total count
                 A         B        C        D         E       F
            +---------+---------+-------+---------+---------+-------
      Total |    1681 |     655 |  28.0 |      96 |       4 |   4.0
            +---------+---------+-------+---------+---------+-------
        D:1 |      76 |       0 |   0.0 |      25 |       0 |   0.0
        D:2 |      58 |       0 |   0.0 |      15 |       0 |   0.0
        D:3 |     142 |       0 |   0.0 |      12 |       0 |   0.0
        D:4 |     589 |       0 |   0.0 |      24 |       0 |   0.0
        D:5 |     689 |     166 |  19.4 |      18 |       1 |   5.3
        D:6 |     127 |     489 |  79.4 |       2 |       3 |  60.0
            +---------+---------+-------+---------+---------+-------
